 Dungeon Crawl Stone Soup version 0.21.1-1-g345015fe64 (webtiles) character file.

4634 DildoBatman the Blocker (level 10, -2/79 HPs)
             Began as a Formicid Enchanter on Apr 17, 2018.
             Was a Believer of Kikubaaqudgha.
             Slain by a two-headed ogre
             ... wielding a +0 giant club
              (18 damage)
             ... on level 9 of the Dungeon.
             The game lasted 00:39:34 (11003 turns).

DildoBatman the Blocker (Formicid Enchanter)       Turns: 11003, Time: 00:39:35

Health: -2/79      AC:  7    Str: 20    XL:     10   Next: 70%
Magic:  8/13       EV: 14    Int: 15    God:    Kikubaaqudgha [**....]
Gold:   577        SH: 11    Dex: 13    Spells: 4/13 levels left

rFire    + . .     SeeInvis +   a - +4 mace of the Wasteland {drain, *Corrode rF+ Str+4 Dex+2}
rCold    + . .     Gourm    +   y - +0 shield
rNeg     . . .     Faith    .   I - +2 robe {MR+}
rPois    .         Spirit   .   (helmet unavailable)
rElec    .         Reflect  .   m - +0 cloak
rCorr    .         Harm     .   (no gloves)
MR       ++...                  i - +0 pair of boots
Stlth    +++.......             g - amulet of the gourmand
HPRegen  0.23/turn              j - ring of wizardry
MPRegen  0.13/turn              W - ring of protection from cold

@: no status effects
A: permanent stasis, dig shafts and tunnels, four strong arms, antennae 3
a: Dig, Shaft Self, Receive Corpses, Renounce Religion


You were on level 9 of the Dungeon.
You worshipped Kikubaaqudgha.
Kikubaaqudgha was pleased with you.
You were completely stuffed.

You visited 2 branches of the dungeon, and saw 10 of its levels.

You collected 577 gold pieces.

Inventory:

Hand Weapons
 a - the +4 mace of the Wasteland (weapon) {drain, *Corrode rF+ Str+4 Dex+2}
   (You found it on level 5 of the Dungeon)

   A truly terrible weapon, it drains the life of those it strikes.
   It affects your strength (+4).
   It affects your dexterity (+2).
   It protects you from fire.
   It may corrode you when you take damage.
 b - the +0 mace of Wienywat {venom, Stlth+}
   (You found it on level 4 of the Dungeon)

   It poisons the flesh of those it strikes.
   It makes you more stealthy.
 c - the +2 arbalest "Jackotriop" {venom, rN+ Str+3}
   (You found it on level 8 of the Dungeon)

   It poisons the ammo it fires.
   It affects your strength (+3).
   It protects you from negative energy.
 d - a +2 quarterstaff of chaos
 e - a +1 trident of venom
 f - a +0 shortbow
Missiles
 h - 124 arrows
 l - 54 bolts
 o - 8 tomahawks
 q - 296 stones (quivered)
 J - 36 poisoned needles
 K - 54 sling bullets
 L - 2 curare-tipped needles
Armour
 i - a +0 pair of boots (worn)
 m - a +0 cloak (worn)
 s - a +0 ring mail
 x - a cursed +0 scale mail
 y - a +0 shield (worn)
 I - a +2 robe of magic resistance (worn)
 U - a scarf of cloud immunity
Magical Staves
 Z - an uncursed staff of earth {unknown}
Jewellery
 g - an amulet of the gourmand (around neck)
 j - a ring of wizardry (left hand)
 p - an uncursed ring of positive energy
 t - an uncursed ring of ice
 E - an uncursed ring of fire
 M - an uncursed ring of protection from cold
 W - a ring of protection from cold (right hand)
Wands
 k - a wand of iceblast (15)
 u - a wand of enslavement (17)
 w - a wand of paralysis (14)
 N - a wand of random effects (26)
 P - a wand of scattershot (6)
 R - a wand of disintegration (9)
 T - a wand of polymorph (13)
Potions
 r - 9 potions of curing
Comestibles
 n - 7 chunks of flesh
 v - 21 rations


   Skills:
 * Level 7.6 Fighting
   Level 1.0 Short Blades
 * Level 4.7 Maces & Flails
 * Level 2.0 Crossbows
 * Level 6.5 Armour
 * Level 4.4 Dodging
 * Level 6.6 Stealth
 * Level 9.4 Shields
 - Level 2.1 Spellcasting
 - Level 3.6 Hexes
 * Level 2.0 Evocations


You had 4 spell levels left.
You knew the following spells:

 Your Spells              Type           Power        Failure   Level  Hunger
a - Corona                Hex            ##.....      1%          1    #......
b - Confuse               Hex            ##......     6%          3    ###....
c - Regeneration          Chrm/Necr      #.........   26%         3    ###....
z - Sublimation of Blood  Necr           #.........   13%         2    ###....


Dungeon Overview and Level Annotations

Branches:
Dungeon (9/15)             Temple (1/1) D:7
   Lair: D:8-11         Orc: D:9-12

Altars:
Ashenzari
Cheibriados
Dithmenos
Elyvilon
Fedhas
Gozag
Hepliaklqana
Kikubaaqudgha
Makhleb
Nemelex Xobeh
Okawaru
Qazlal
Ru
Sif Muna
Trog
Uskayaw
Vehumet
Wu Jian
Xom
Yredelemnul
Zin
The Shining One

Shops:
D:5 (   D:8 ?

Annotations:
D:5 exclusion: electric eel


Innate Abilities, Weirdness & Mutations

You cannot be hasted, slowed, berserked, paralysed or teleported.
You can dig through walls and to a lower floor.
Your four strong arms can wield two-handed weapons with a shield.
You have a pair of large antennae on your head. (SInv)


Message History

Casting: Confuse
Confirm with . or Enter, or press ? or * to list all spells.
Aiming: Confuse
Press: ? - help, Shift-Dir - straight line, f/p - two-headed ogre
Aim: a two-headed ogre, wielding two giant clubs (lightly wounded, lightly drained, chance to defeat MR: 29%)
The two-headed ogre easily resists.
The two-headed ogre hits you with a giant club!
The two-headed ogre closely misses you.
You barely miss the two-headed ogre.
The two-headed ogre is lightly wounded.
You block the two-headed ogre's attack. x2
You hit the two-headed ogre. You drain the two-headed ogre!
The two-headed ogre is lightly wounded.
You hit the two-headed ogre. You drain the two-headed ogre!
The two-headed ogre is moderately wounded.
The two-headed ogre hits you with a giant club!! x2
You die...
Kikubaaqudgha rasps: "You have failed me!
Welcome... death!"

#....................... ...
#......................# #.#
#...#..................###.######
#..##..........# #..............#
#..##..........###....##........#
..#............#....#......<....#
..#.#.............#.###......####
....##....<.........###......#
................@........#####
...............O###......#
................###..:...#
.....#..........#.....<..#
#....#..........#.##...###
....##..........#.##..##
..#.##..........#.#..##
###.#######.#........# #
#.###.............##


You could see a two-headed ogre.

Vanquished Creatures
  A two-headed ogre (D:8)
  5 yaks (D:8)
  A spriggan (D:7)
  A wyvern (D:9)
  The ghost of DildoBatman the Vexing, an amateur FoEn of Sif Muna (D:5)
  A water moccasin (D:5)
  A sky beast (D:7)
  An orc warrior (D:6)
  An ogre (D:6)
  A centaur (D:5)
  2 big kobolds
  Blork the orc (D:5)
  2 bullfrogs (D:8)
  A gnoll sergeant (D:9)
  13 killer bees
  3 howler monkeys (D:9)
  A crimson imp (D:8)
  4 hounds
  A jelly (D:7)
  2 orc priests
  Crazy Yiuf (D:5)
  A bullfrog skeleton (D:6)
  A centaur skeleton (D:5)
  Jessica (D:1)
  Ijyb (D:5)
  An iguana (D:8)
  7 orc wizards
  12 worker ants
  A killer bee zombie (D:6)
  2 hound zombies (D:6)
  4 hound skeletons
  A howler monkey zombie (D:6)
  7 gnolls
  A worker ant zombie (D:6)
  8 adders
  2 shadow imps (D:5)
  3 oozes
  3 adder zombies
  2 adder skeletons (D:5)
  2 worms
  A leopard gecko (D:2)
  22 orcs
  3 ball pythons
  3 giant cockroaches
  8 goblins
  7 hobgoblins
  16 kobolds
  A quokka (D:4)
  6 bats
  8 frilled lizards
  A leopard gecko skeleton (D:4)
  A leopard gecko zombie (D:6)
  A quokka skeleton (D:6)
  A quokka zombie (D:6)
  11 rats
195 creatures vanquished.

Vanquished Creatures (others)
  A plant (D:5)
1 creature vanquished.

Grand Total: 196 creatures vanquished

Notes
Turn   | Place    | Note
-------+----------+-------------------------------------------
     0 | D:1      | DildoBatman the Formicid Enchanter began the quest for the Orb.
     0 | D:1      | Reached XP level 1. HP: 13/13 MP: 3/3
   215 | D:1      | Reached skill level 1 in Fighting
   425 | D:1      | Reached XP level 2. HP: 21/21 MP: 3/5
  1126 | D:2      | Reached XP level 3. HP: 26/28 MP: 4/6
  1131 | D:2      | Learned a level 3 spell: Confuse
  1436 | D:1      | Reached XP level 4. HP: 12/35 MP: 4/7
  1779 | D:2      | Reached skill level 1 in Armour
  1988 | D:2      | Noticed Jessica
  3019 | D:3      | Reached XP level 5. HP: 40/41 MP: 6/8
  3919 | D:4      | Got an iridescent mace
  3920 | D:4      | Identified the cursed +0 mace of Wienywat {venom, Stlth+} (You found it on level 4 of the Dungeon)
  4154 | D:4      | Reached XP level 6. HP: 48/48 MP: 9/9
  4794 | D:4      | Reached skill level 5 in Fighting
  4880 | D:4      | Reached XP level 7. HP: 45/56 MP: 10/10
  4937 | D:5      | Entered Level 5 of the Dungeon
  5169 | D:5      | Noticed Blork the orc
  5173 | D:5      | Found Giuv's Antique Weapon Boutique.
  5294 | D:5      | Noticed DildoBatman's ghost (amateur FoEn)
  5309 | D:5      | Noticed Ijyb
  5380 | D:5      | Reached skill level 1 in Maces & Flails
  5437 | D:5      | Found a runed door.
  5593 | D:5      | Noticed a water moccasin
  6140 | D:6      | Reached skill level 5 in Stealth
  6211 | D:6      | Reached XP level 8. HP: 63/64 MP: 9/11
  6676 | D:7      | Reached skill level 5 in Armour
  7173 | D:7      | Found a staircase to the Ecumenical Temple.
  7205 | Temple   | Entered the Ecumenical Temple
  7311 | Temple   | Became a worshipper of Kikubaaqudgha
  7468 | D:7      | Noticed a spriggan baker
  7475 | D:7      | Killed a spriggan baker
  7766 | D:8      | Got an ancient arbalest
  7767 | D:8      | Identified the +2 arbalest "Jackotriop" {venom, rN+ Str+3} (You found it on level 8 of the Dungeon)
  7815 | D:8      | Noticed a two-headed ogre
  7852 | D:8      | Found a blossoming altar of Fedhas.
  8122 | D:8      | Found Omynk's Magic Scroll Emporium.
  8361 | D:8      | Reached XP level 9. HP: 57/71 MP: 12/12
  8772 | D:1      | Killed Jessica
  8772 | D:1      | Reached skill level 1 in Shields
  9018 | D:5      | Killed Ijyb
  9018 | D:5      | Reached skill level 2 in Shields
  9043 | D:5      | Reached skill level 3 in Shields
  9047 | D:5      | Reached * piety under Kikubaaqudgha
  9047 | D:5      | Identified Kikubaaqudgha's Compendium of Stolen Souls (Kikubaaqudgha gifted it to you on level 5 of the Dungeon)
  9047 | D:5      | Received a gift from Kikubaaqudgha
  9065 | D:5      | Learned a level 3 spell: Regeneration
  9068 | D:5      | Learned a level 2 spell: Sublimation of Blood
  9126 | D:5      | Killed Blork the orc
  9244 | D:5      | Reached skill level 4 in Shields
  9389 | D:5      | Noticed Crazy Yiuf
  9396 | D:5      | Killed Crazy Yiuf
  9396 | D:5      | Reached skill level 5 in Shields
  9403 | D:5      | Got a jewelled mace
  9408 | D:5      | Identified the +4 mace of the Wasteland {drain, *Corrode rF+ Str+4 Dex+2} (You found it on level 5 of the Dungeon)
  9542 | D:5      | Killed DildoBatman's ghost
  9670 | D:6      | Reached skill level 6 in Shields
  9856 | D:8      | Killed a two-headed ogre
  9856 | D:8      | Reached skill level 9 in Shields
  9856 | D:8      | Reached XP level 10. HP: 23/79 MP: 8/13
 10273 | D:8      | Reached skill level 1 in Crossbows
 10273 | D:8      | Reached skill level 1 in Evocations
 10822 | D:9      | Noticed a two-headed ogre
 10922 | D:9      | Reached ** piety under Kikubaaqudgha
 11003 | D:9      | Slain by a two-headed ogre

Skill      XL: |  1  2  3  4  5  6  7  8  9 10 |
---------------+-------------------------------+-----
Fighting       | 1 2 3 4 5 6 7 |  7.6
Dodging        | 2 3 4 |  4.4
Armour         | 2 3 4 5 6 |  6.5
Stealth        | 4 5 6 |  6.6
Maces & Flails | 1 3 4 |  4.7
Shields        | 9 |  9.4
Crossbows      | 2 |  2.0
Evocations     | 2 |  2.0
Short Blades   | |  1.0
Spellcasting   | |  2.1
Hexes          | |  3.6

Action                   |  1- 3 |  4- 6 |  7- 9 | 10-12 || total
-------------------------+-------+-------+-------+-------++-------
Melee: Dagger            |   107 |   207 |     4 |       ||   318
       Mace              |       |    86 |   229 |   120 ||   435
       Flail             |       |       |    58 |       ||    58
       Trident           |       |       |    41 |       ||    41
 Cast: Corona            |    22 |    38 |    64 |    23 ||   147
       Confuse           |       |       |    14 |     6 ||    20
 Abil: Dig               |     3 |     2 |     9 |     4 ||    18
  Use: Scroll            |       |       |     3 |       ||     3
       Potion            |       |       |       |     1 ||     1
 Stab: Sleeping          |     2 |     1 |     4 |       ||     7
       Confused          |       |       |       |     5 ||     5
  Eat: Chunk             |    13 |    12 |    25 |     5 ||    55
Armor: Scale mail        |    45 |    31 |       |       ||    76
       Ring mail         |       |    93 |   137 |       ||   230
       Robe              |       |       |     2 |    19 ||    21
Dodge: Dodged            |    57 |   188 |   228 |    64 ||   537
Block: Shield            |       |       |     8 |    86 ||    94
